 Dungeon Crawl Stone Soup version 0.28-a0-1395-g4f6bc678fa (webtiles) character file.

Game seed: 12973603347613971184

341798 blank1 the Warrior (level 23, -35/180 HPs)
             Began as a Djinni Fire Elementalist on Jan 3, 2022.
             Was the Champion of Makhleb.
             Killed from afar by a titan (43 damage)
             ... with a bolt of lightning
             ... on level 5 of the Vaults on Jan 5, 2022.
             The game lasted 05:30:45 (68557 turns).

blank1 the Warrior (Djinni Fire Elementalist)      Turns: 68557, Time: 05:30:46

Health: -35/180    AC: 14    Str: 18    XL:     23   Next: 1%
Gold:   2855       EV: 31    Int: 26    God:    Makhleb [******] SH: 11 Dex: 26

rFire   + + .      SeeInvis .   L - +0 quick blade "Zeplurchi" {spect, Str+4 Dex+4}
rCold   . . .      Faith    .   E - +0 buckler of the Hidden Vale {Rampage Will++}
rNeg    . . .      Spirit   .   J - +2 robe {rC+}
rPois   ∞          Reflect  +   T - +2 helmet
rElec   .          Harm     .   z - +1 cloak
rCorr   .          Rampage  +   U - +2 pair of gloves {hurl}
Will    ++++.                   (boots unavailable)
Stlth   +++++.....              j - amulet of reflection
HPRegen 0.40/turn               k - +6 ring of dexterity
MPRegen 0.00/turn               G - ring of the Present {+Blink EV+4 Str+7}

@: about to teleport, vertiginous, spewing sludge, flying, studying Armour
A: sickness immunity, fire resistance 2, cold vulnerability 1, float, innate
caster, hp casting, extra vitality 1
}: 2/15 runes: decaying, gossamer
a: Renounce Religion, Evoke Blink, Minor Destruction, Lesser Servant of Makhleb,
Major Destruction, Greater Servant of Makhleb


You were on level 5 of the Vaults.
You worshipped Makhleb.
Makhleb was exalted by your worship.
You visited 8 branches of the dungeon, and saw 38 of its levels.
You also visited: Bailey.

You collected 3393 gold pieces.
You spent 538 gold pieces at shops.

Inventory:

Hand Weapons
 H - the +6 dagger "Murmur" {pain, Int+4 SInv}
   (You found it on level 3 of the Vaults)

   In the hands of one skilled in necromantic magic, it inflicts extra damage on
   living creatures.
   Your inability to study Necromancy prevents you from drawing on the full
   power of this weapon.
   Int:       It affects your intelligence (+4).
   SInv:      It lets you see invisible.
 L - the +0 quick blade "Zeplurchi" (weapon) {spect, Str+4 Dex+4}
   (You acquired it on level 11 of the Dungeon)

   When its wielder attacks, the weapon's spirit leaps out and strikes again.
   The spirit shares a part of any damage it takes with its wielder.
   Str:       It affects your strength (+4).
   Dex:       It affects your dexterity (+4).
Missiles
 r - 2 throwing nets
Armour
 z - a +1 cloak (worn)
 E - the +0 buckler of the Hidden Vale (worn) {Rampage Will++}
   (You found it on level 4 of the Lair of Beasts)

   Rampage:   It bestows one free step when moving towards enemies.
   Will:      It greatly increases your willpower.
 J - a +2 robe of cold resistance (worn)
 P - a +0 robe of resistance
 T - a +2 helmet (worn)
 U - a +2 pair of gloves of hurling (worn)
Magical Staves
 S - a staff of death
 V - a staff of air
Jewellery
 e - a ring of fire
 j - an amulet of reflection (around neck)
 k - a +6 ring of dexterity (left hand)
 B - a +6 ring of intelligence
 G - the ring of the Present (right hand) {+Blink EV+4 Str+7}
   (You took it off a spriggan on level 6 of the Lair of Beasts)

   [ring of evasion]

   EV:        It affects your evasion (+4).
   Str:       It affects your strength (+7).
   +Blink:    It lets you blink.
 R - the ring "Estuta" {MP+9 Str+6 Slay+2}
   (You took it off a centaur warrior on level 14 of the Dungeon)

   [ring of magical power]

   Str:       It affects your strength (+6).
   Slay:      It affects your accuracy & damage with ranged weapons and melee
   (+2).
   MP:        It affects your magic capacity (+9).
Wands
 a - a wand of digging (20)
 g - a wand of flame (100)
 h - a wand of polymorph (21)
 n - a wand of acid (28)
 o - a wand of iceblast (38)
 w - a wand of paralysis (27)
 N - a wand of charming (8)
 O - a wand of mindburst (18)
Scrolls
 c - 3 scrolls of blinking
 d - 6 scrolls of enchant weapon
 l - 15 scrolls of teleportation
 p - 10 scrolls of fear
 s - 3 scrolls of silence
 v - 8 scrolls of fog
 x - 3 scrolls of magic mapping
 y - 12 scrolls of identify
 C - 6 scrolls of torment
 D - 6 scrolls of enchant armour
 Q - 2 scrolls of holy word
Potions
 b - 10 potions of curing
 f - 3 potions of heal wounds
 i - 4 potions of mutation
 m - 13 potions of attraction
 q - 4 potions of invisibility
 t - 7 potions of might
 u - 5 potions of brilliance
 A - 4 potions of ambrosia
 F - 4 potions of lignification
 I - 3 potions of haste
 K - 2 potions of resistance
 M - 4 potions of berserk rage


   Skills:
 + Level 20.1 Fighting
 - Level 8.0 Short Blades
 - Level 10.0 Armour
 - Level 20.0 Dodging
 - Level 11.0 Stealth
 - Level 4.0 Shields
 - Level 19.0 Spellcasting
 - Level 8.0 Invocations
 - Level 2.0 Evocations


You couldn't memorise any spells.
You knew the following spells:

 Your Spells              Type           Power      Damage    Failure   Level
a - Foxfire               Conj/Fire      100%       2x1d9     1%          1
b - Scorch                Fire           100%       2d10      1%          2
c - Conjure Flame         Conj/Fire      89%        6-21      1%          3
d - Inner Flame           Hex/Fire       89%        N/A       1%          3
e - Flame Wave            Conj/Fire      89%        2d12      1%          4
f - Animate Skeleton      Necr           100%       N/A       1%          1
g - Call Imp              Summ           89%        N/A       1%          2
h - Lesser Beckoning      Tloc           89%        N/A       1%          3
i - Tukima's Dance        Hex            89%        N/A       1%          3
j - Agony                 Necr           89%        N/A       1%          5
k - Alistair's Intoxicat  Tmut/Pois      59%        N/A       1%          5
l - Starburst             Conj/Fire      44%        6d12      1%          6
m - Eringya's Noxious Bo  Tmut/Pois      44%        N/A       1%          6
n - Simulacrum            Ice/Necr       44%        N/A       1%          6
o - Storm Form            Tmut/Air       44%        N/A       2%          7
p - Orb of Destruction    Conj           44%        9d14      2%          7
Your spell library was empty.

Dungeon Overview and Level Annotations

Branches:
Dungeon (15/15)            Temple (1/1) D:6            Lair (6/6) D:8
  Swamp (4/4) Lair:2       Spider (4/4) Lair:4        Slime (0/5) Lair:6
    Orc (2/2) D:11            Elf (1/3) Orc:2        Vaults (5/5) D:14
  Crypt (0/3) Vaults:2     Depths (0/4) D:15         Bailey (visited)

Altars:
Ashenzari
Cheibriados
Dithmenos
Elyvilon
Fedhas
Gozag
Hepliaklqana
Kikubaaqudgha
Makhleb
Nemelex Xobeh
Okawaru
Qazlal
Ru
Sif Muna
Trog
Uskayaw
Vehumet
Wu Jian
Xom
Yredelemnul
Zin
The Shining One
Beogh
Lugonu

Shops:
D:7 [   D:14 (   Orc:2 (*:[   Elf:1 (   Vaults:3 [

Portals:
Abyss: D:3 Lair:6

Annotations:
D:3 2 transporters, Urgle's ghost, amateur GnFi
D:13 2 transporters
Swamp:3 Mara
Vaults:5 Frederick


Innate Abilities, Weirdness & Mutations

You are immune to sickness and miasma.
You are immune to poison.
Your flesh is very heat resistant. (rF++)
You are vulnerable to cold. (rC-)
You float through the air rather than walking.
You learn spells naturally, not from books.
Your magical power is your life essence.
You have superior vitality. (+4 MHP)


Message History

You can't go up here!
Casting: Eringya's Noxious Bog (mildly dangerous; 1% risk of failure)
Confirm with . or Enter, or press ? or * to list all spells.
Casting: Starburst (mildly dangerous; 1% risk of failure)
Press: ? - help, Dir - look around, f - activate Really fire in your white imp's direction?
Okay, then.
Unknown command.
Unknown command.
Blink to where?
Press: ? - help, Dir - move target You escape the tentacled monstrosity's grasp.
Found 33 gold pieces.
As you read the scroll of blinking, it crumbles to dust.
The ettin seems less confused.
The wolf spider festers in the toxic bog!
The wolf spider looks as sick as possible!
The ancient lich festers in the toxic bog.
The vault warden festers in the toxic bog!
The vault warden looks as sick as possible!
The vault warden activates a sealing rune.
Unknown command.
The wolf spider changes into a radroach!
The yaktaur captain festers in the toxic bog!
The yaktaur captain looks as sick as possible!
The yaktaur captain shoots a bolt.
The bolt completely misses you.
The tentacled monstrosity festers in the toxic bog!
The tentacled monstrosity looks as sick as possible!
The ancient lich festers in the toxic bog.
A yaktaur comes into view.
Your white imp hits the ancient lich but does no damage.
As you read the scroll of teleportation, it crumbles to dust.
You feel strangely unstable.
The yaktaur captain festers in the toxic bog!
The yaktaur captain looks as sick as possible!
The yaktaur captain shoots a bolt.
The bolt hits you!!
* * * LOW HITPOINT WARNING * * *
The titan casts a spell at you. The bolt of lightning hits you!!!
You die...

...#....# H
####..#....#.#
.....#.[..#S##
C....C.[.[...
##########C≈)≈[[.Xp####
...........≈≈(≈.[.@....
.........(B≈≈†p<.[.c..?
.$.......(.≈≈Xp(<.)....
c......@...[≈L)§.C..p..
###########≈cC5.[..####
+....C[.[).....
###.#..[.#.###.
#'#..[.#.# .##....# #
.. #....# #....#


You could see a tentacled monstrosity (extremely poisoned), a titan, an ancient
lich (fast, empowered, ally target), a frost giant, a stone giant, a vault
warden (empowered, extremely poisoned), a radroach shaped shifter, a yaktaur
captain (extremely poisoned), an ironbound convoker (extremely poisoned), a
yaktaur and a friendly white imp (summoned).

Vanquished Creatures
  An ancient lich (Vaults:5)
  A dread lich (Vaults:4)
  Saint Roka (Vaults:3)
  A golden dragon (Vaults:4)
  2 tentacled monstrosities
  Asterion (Spider:3)
  A titan (Vaults:5)
  An ancient champion (Vaults:2)
  Gastronok (D:8)
  3 sphinxes
  A shadow dragon (Vaults:4)
  A thorn hunter (Swamp:4)
  2 storm dragons (Vaults:5)
  Donald (Swamp:1)
  3 fenstrider witches
  3 tengu reavers
  5 emperor scorpions
  Louise (Swamp:1)
  5 ghost moths
  2 ghouls (Swamp:1)
  9 orc warlords
  15 ironbound preservers
  9 vault wardens
  14 very ugly things
  Nessos (Lair:6)
  2 war gargoyles (Vaults:3)
  3 ironbound thunderhulks
  A vampire knight (Vaults:2)
  3 broodmothers
  3 eleionomae
  2 bunyips
  4 dire elephants (Vaults:3)
  A deep elf annihilator (Vaults:2)
  5 entropy weavers
  An eidolon (Vaults:2)
  Snorg (D:10)
  A spark wasp (Spider:4)
  An ettin (D:15)
  2 green deaths (Swamp:4)
  A shambling mangrove (Swamp:2)
  A deep elf high priest (Vaults:5)
  Fannar (D:10)
  17 vault guards
  14 yaktaur captains
  A fire dragon (D:14)
  A great orb of eyes (Vaults:4)
  5 boulder beetles
  A spriggan air mage (Swamp:2)
  15 hydras
  A peacekeeper (Vaults:3)
  3 ghost crabs
  2 death knights
  8 ironbound frosthearts
  An ogre mage (D:14)
  A catoblepas (D:14)
  18 centaur warriors
  9 alligators
  8 two-headed ogres
  3 thrashing horrors (Lair:6)
  A deep troll earth mage (Vaults:4)
  11 death yaks
  A tengu warrior (D:15)
  Urug (D:9)
  A spriggan berserker (Swamp:2)
  14 orc high priests
  A sun moth (Spider:3)
  7 pharaoh ants
  A shadow wraith (Vaults:3)
  3 spriggan druids
  35 deep trolls
  2 goliath frogs
  9 swamp dragons
  16 orb spiders
  An orb spider (shapeshifter) (Vaults:3)
  8 bog bodies
  7 steelbarb worms
  9 wizards
  37 orc knights
  A phantasmal warrior (Vaults:4)
  11 ironbound convokers
  9 deep elf pyromancers
  A harpy (shapeshifter) (Lair:5)
  26 wolf spiders
  4 lindwurms
  5 deep elf zephyrmancers (Elf:1)
  A harpy (Vaults:1)
  3 manticores (D:14)
  42 ugly things
  3 orc sorcerers
  8 cyclopes
  2 will-o-the-wisps
  2 moths of wrath (Spider:4)
  A cyclops (shapeshifter) (D:13)
  14 vault sentinels
  Maurice (D:8)
  3 orange demons (Swamp:4)
  5 torpor snails
  A smoke demon (Lair:6)
  4 black mambas
  A gargoyle (D:11)
  4 unseen horrors
  12 demonic crawlers
  7 cane toads
  2 efreet (D:14)
  3 rime drakes
  14 komodo dragons
  A komodo dragon (shapeshifter) (D:15)
  22 yaktaurs
  An ancient zyme (Lair:6)
  2 freezing wraiths
  3 tengu conjurers
  22 meliai
  10 tyrant leeches
  41 tarantellas
  10 trolls
  3 polar bears
  A queen bee (Spider:3)
  Grinder (D:3)
  A polar bear (shapeshifter) (Vaults:5)
  11 hornets
  20 blink frogs
  51 slime creatures
  27 dream sheep
  2 large abominations
  41 jumping spiders
  A meliai zombie (D:11)
  Sigmund (D:3)
  19 culicivoras
  A culicivora (shapeshifter) (D:14)
  4 shadows
  8 spriggans
  4 wyverns
  Eustachio (D:4)
  4 basilisks
  4 wraiths
  49 yaks
  A water elemental (Elf:1)
  14 vampire mosquitoes
  A vampire (D:11)
  3 ynoxinuls (Lair:6)
  A chaos spawn (Lair:6)
  2 steam dragons (D:8)
  48 redbacks
  15 swamp worms
  3 wargs
  4 acid dragons
  10 small abominations
  11 water moccasins
  72 orc warriors
  3 ice beasts
  3 necrophages
  2 swamp drakes (Swamp:2)
  6 black bears
  10 ogres
  A boggart (D:14)
  19 wolves
  6 centaurs
  2 kobold brigands (D:8)
  12 bullfrogs
  A wyvern zombie (D:6)
  2 gnoll sergeants
  2 scorpions
  A water moccasin zombie (D:6)
  5 wights (D:10)
  20 killer bees
  4 howler monkeys
  4 electric eels
  2 bullfrog zombies (D:5)
  7 centaur zombies
  44 orc priests
  2 centaur skeletons
  7 hounds
  18 jellies
  A bullfrog skeleton (D:6)
  A gnoll shaman (D:9)
  8 iguanas
  Natasha (twice) (D:3)
  20 orc wizards
  2 hound skeletons
  10 gnolls
  6 adders
  A shadow imp (D:5)
  A white imp (D:7)
  4 worms (Spider:3)
  2 dart slugs
  82 orcs
  5 ball pythons
  5 endoplasms
  3 giant cockroaches
  7 goblins
  8 hobgoblins
  3 quokkas
  3 bats
  13 kobolds
  4 rats
  3 briar patches (Swamp:4)
1509 creatures vanquished.

Vanquished Creatures (collateral kills)
  A yaktaur captain (Vaults:3)
  An orb spider (Spider:4)
  A vault sentinel (Vaults:3)
  A tarantella (Spider:4)
  2 bullfrogs (D:8)
  14 foxfires
20 creatures vanquished.

Vanquished Creatures (others)
  A titan (Vaults:5)
  A fire giant (Vaults:4)
  A ghost moth (Spider:4)
  A stone giant (Vaults:5)
  An ettin (Vaults:5)
  A deep elf high priest (Vaults:5)
  A boulder beetle (D:14)
  11 vault guards (Vaults:5)
  A steelbarb worm (Spider:3)
  An orb spider (Spider:4)
  3 deep trolls
  An ironbound convoker (Vaults:5)
  A lindwurm (Vaults:2)
  An orc knight (Vaults:4)
  A wolf spider (Spider:4)
  An ugly thing (D:15)
  A torpor snail (Spider:1)
  2 slime creatures (Vaults:4)
  A jumping spider (Spider:4)
  A culicivora (Spider:4)
  3 redbacks
  A dancing weapon (D:8)
  A bush (Lair:4)
  2032 foxfires
  40 fungi
  93 plants
2203 creatures vanquished.

Grand Total: 3732 creatures vanquished

Notes
Turn   | Place    | Note
-------+----------+-------------------------------------------
     0 | D:1      | blank1 the Djinni Fire Elementalist began the quest for the
                  | Orb.
     0 | D:1      | Reached XP level 1. HP: 15/15 MP: 0/0
   473 | D:1      | Reached XP level 2. HP: 21/21 MP: 0/0
  1013 | D:1      | Reached XP level 3. HP: 18/25 MP: 0/0
  1013 | D:1      | Learned a level 1 spell: Animate Skeleton
  1956 | D:2      | Found a faded altar of an unknown god.
  2146 | D:2      | Reached skill level 1 in Fighting
  2152 | D:2      | Reached XP level 4. HP: 22/32 MP: 0/0
  2756 | D:3      | Noticed Sigmund
  2855 | D:3      | Found a transporter.
  2978 | D:3      | Found a transporter.
  3011 | D:3      | Found a one-way gate to the infinite horrors of the Abyss.
  3011 | D:3      | Noticed Urgle's ghost (amateur GnFi)
  3025 | D:3      | Noticed Grinder
  3147 | D:3      | Noticed Natasha
  3158 | D:3      | Killed Natasha
  3159 | D:3      | Reached XP level 5. HP: 29/38 MP: 0/0
  3159 | D:3      | Learned a level 2 spell: Call Imp
  3252 | D:3      | Killed Grinder
  3253 | D:3      | Reached XP level 6. HP: 32/46 MP: 0/0
  3390 | D:3      | Noticed Natasha
  3396 | D:3      | Killed Natasha
  3454 | D:3      | Killed Sigmund
  3455 | D:3      | Reached skill level 5 in Dodging
  3455 | D:3      | Reached XP level 7. HP: 20/50 MP: 0/0
  3455 | D:3      | Learned a level 3 spell: Lesser Beckoning
  3747 | D:4      | Reached skill level 1 in Armour
  4176 | D:4      | Found a bloodstained altar of Trog.
  4672 | D:4      | Reached XP level 8. HP: 53/58 MP: 0/0
  4794 | D:4      | Reached skill level 5 in Fighting
  4957 | D:4      | Noticed Eustachio
  4964 | D:4      | Killed Eustachio
  4965 | D:4      | Reached skill level 5 in Spellcasting
  5211 | D:5      | Entered Level 5 of the Dungeon
  5307 | D:5      | Found a shadowy altar of Dithmenos.
  5375 | D:5      | Found a hazy altar of Hepliaklqana.
  5764 | D:5      | Reached XP level 9. HP: 53/66 MP: 0/0
  5764 | D:5      | Learned a level 3 spell: Tukima's Dance
  6044 | D:5      | Found a basalt altar of Yredelemnul.
  6053 | D:5      | Found a sparkling altar of Nemelex Xobeh.
  7664 | D:6      | Found a staircase to the Ecumenical Temple.
  7804 | Temple   | Entered the Ecumenical Temple
  7938 | Temple   | Became a worshipper of Makhleb the Destroyer
  8462 | D:7      | Reached skill level 1 in Invocations
  8993 | D:7      | Reached XP level 10. HP: 60/75 MP: 0/0
  9378 | D:7      | Found Zimasch Canyj's Armour Shoppe.
  9641 | D:8      | Noticed Maurice
  9650 | D:8      | Killed Maurice
  9921 | D:8      | Reached * piety under Makhleb
 10383 | D:8      | Noticed Gastronok
 10573 | D:8      | Found a blossoming altar of Fedhas.
 10690 | D:8      | Found a staircase to the Lair.
 10956 | D:8      | Upgraded the game from 0.28-a0-1387-g3a22ab9bdc to
                  | 0.28-a0-1389-gc726bef33b
 11049 | D:8      | Noticed a centaur warrior
 11704 | D:8      | Killed a centaur warrior
 11705 | D:8      | Reached XP level 11. HP: 51/82 MP: 0/0
 11705 | D:8      | Learned a level 5 spell: Agony
 12315 | D:9      | Found an opulent altar of Gozag.
 12410 | D:9      | Noticed a two-headed ogre
 12419 | D:9      | Killed a two-headed ogre
 12451 | D:9      | Found a flagged portal.
 12495 | Bailey   | Entered a bailey
 12661 | Bailey   | Noticed an orc warlord
 12774 | Bailey   | Reached ** piety under Makhleb
 13020 | Bailey   | Noticed an orc knight
 13069 | Bailey   | Killed an orc knight
 13216 | Bailey   | Found a runed translucent gate.
 13216 | Bailey   | Found a runed translucent gate.
 13216 | Bailey   | Found a runed translucent gate.
 13294 | Bailey   | Killed an orc warlord
 13295 | Bailey   | Reached skill level 10 in Dodging
 13391 | D:9      | Acquired a manual of Dodging
 13393 | D:9      | Acquired an amulet of reflection
 13685 | Lair:1   | Entered Level 1 of the Lair of Beasts
 14160 | Lair:1   | Reached XP level 12. HP: 30/91 MP: 0/0
 14839 | Lair:1   | Reached skill level 10 in Fighting
 15451 | Lair:2   | Reached *** piety under Makhleb
 15723 | Lair:2   | Found a stormy altar of Qazlal.
 15942 | Lair:2   | Reached skill level 15 in Dodging
 16298 | Lair:2   | Found a staircase to the Swamp.
 17145 | Lair:3   | Reached skill level 10 in Spellcasting
 17264 | Lair:3   | Reached skill level 5 in Stealth
 17264 | Lair:3   | Reached XP level 13. HP: 75/96 MP: 0/0
 17264 | Lair:3   | Learned a level 5 spell: Alistair's Intoxication
 17668 | Lair:3   | Reached **** piety under Makhleb
 17919 | Lair:4   | Found a hole to the Spider Nest.
 18899 | Lair:4   | Identified the +0 buckler of the Hidden Vale {Rampage
                  | Will++}
 20815 | Lair:5   | Noticed a four-headed hydra
 20911 | Lair:5   | Reached skill level 1 in Shields
 21992 | Lair:4   | Reached XP level 14. HP: 58/107 MP: 0/0
 22994 | Lair:6   | Entered Level 6 of the Lair of Beasts
 22999 | Lair:6   | Noticed Nessos
 23039 | Lair:6   | Identified the +1 ring mail of Xom's Fury {*Corrode *Slow
                  | rPois rN+++}
 23090 | Lair:6   | Killed Nessos
 23828 | Lair:6   | Reached ***** piety under Makhleb
 25689 | Lair:6   | Identified the ring of the Present {+Blink EV+4 Str+7}
 25740 | Lair:6   | Found a staircase to the Slime Pits.
 25802 | Lair:6   | Reached skill level 5 in Invocations
 26272 | Lair:6   | Reached XP level 15. HP: 73/114 MP: 0/0
 26272 | Lair:6   | Learned a level 6 spell: Starburst
 26619 | Lair:6   | Found a corrupted altar of Lugonu.
 27161 | D:8      | Killed Gastronok
 27256 | D:10     | Entered Level 10 of the Dungeon
 27328 | D:10     | Noticed Urug
 27341 | D:9      | Killed Urug
 27516 | D:10     | Noticed Fannar
 27673 | D:10     | Killed Fannar
 27921 | D:10     | Noticed Snorg
 27931 | D:10     | Killed Snorg
 28206 | D:10     | Found a glowing golden altar of the Shining One.
 28498 | D:10     | Found Antaot's CLEARANCE SALE!.
 29225 | D:11     | Acquired the +0 quick blade "Zeplurchi" {spect, Str+4
                  | Dex+4}
 29457 | D:11     | Reached skill level 1 in Short Blades
 29788 | D:11     | Found a staircase to the Orcish Mines.
 30003 | Orc:1    | Entered Level 1 of the Orcish Mines
 30239 | Orc:1    | Found a bloodstained altar of Trog.
 30501 | Orc:1    | Reached ****** piety under Makhleb
 31319 | Orc:2    | Entered Level 2 of the Orcish Mines
 31534 | Orc:2    | Found a staircase to the Elven Halls.
 32858 | Orc:2    | Reached XP level 16. HP: 74/123 MP: 0/0
 33507 | Orc:2    | Found Xeyffakk's Antique Weapon Shoppe.
 33508 | Orc:2    | Found Jimuatar's Armour Shoppe.
 33508 | Orc:2    | Found Pesor's Book Emporium.
 33509 | Orc:2    | Found Lockih's Assorted Antiques.
 33523 | Orc:2    | Bought a scroll of blinking for 172 gold pieces
 33523 | Orc:2    | Bought a scroll of teleportation for 69 gold pieces
 33598 | Elf:1    | Entered Level 1 of the Elven Halls
 33875 | Elf:1    | Found Latif's Weapon Shoppe.
 34151 | Swamp:1  | Entered Level 1 of the Swamp
 34266 | Swamp:1  | Noticed Louise
 34290 | Swamp:1  | Killed Louise
 34583 | Swamp:1  | Noticed Donald
 34592 | Swamp:1  | Killed Donald
 35095 | Swamp:1  | Noticed a tentacled monstrosity
 35109 | Swamp:1  | Killed a tentacled monstrosity
 37400 | Swamp:2  | Reached skill level 5 in Short Blades
 38300 | Swamp:3  | Reached XP level 17. HP: 124/129 MP: 0/0
 38300 | Swamp:3  | Learned a level 6 spell: Eringya's Noxious Bog
 38507 | Swamp:3  | Noticed Mara
 39280 | Swamp:4  | Entered Level 4 of the Swamp
 39314 | Swamp:4  | Noticed a thorn hunter
 39880 | Swamp:4  | Reached skill level 15 in Spellcasting
 39990 | Swamp:4  | Killed a thorn hunter
 40273 | Swamp:4  | Found a runed translucent door.
 41201 | Swamp:4  | Reached skill level 15 in Fighting
 41227 | Swamp:4  | Noticed a tentacled monstrosity
 41246 | Swamp:4  | Killed a tentacled monstrosity
 42039 | Swamp:4  | Got a decaying rune of Zot
 42153 | Spider:1 | Entered Level 1 of the Spider Nest
 42972 | Spider:1 | Reached XP level 18. HP: 134/138 MP: 0/0
 42995 | Spider:1 | Reached skill level 10 in Stealth
 43215 | Spider:1 | Reached skill level 5 in Armour
 43436 | Spider:1 | Upgraded the game from 0.28-a0-1389-gc726bef33b to
                  | 0.28-a0-1395-g4f6bc678fa
 47283 | Spider:4 | Entered Level 4 of the Spider Nest
 47294 | Spider:4 | Noticed Asterion
 47706 | Spider:4 | Reached XP level 19. HP: 91/145 MP: 0/0
 47706 | Spider:4 | Learned a level 6 spell: Simulacrum
 48686 | Spider:3 | Killed Asterion
 48921 | Spider:4 | Reached skill level 1 in Evocations
 51609 | Spider:4 | Got a gossamer rune of Zot
 53106 | D:13     | Found a transporter.
 53153 | D:13     | Found a transporter.
 53868 | D:14     | Found an iron altar of Okawaru.
 53942 | D:14     | Found Qorchi Datru's Antique Weapon Shoppe.
 54225 | D:14     | Identified the ring "Estuta" {MP+9 Str+6 Slay+2}
 54875 | D:14     | Found a gate to the Vaults.
 55253 | D:14     | Reached XP level 20. HP: 141/155 MP: 0/0
 55762 | D:15     | Entered Level 15 of the Dungeon
 56609 | D:15     | Found a staircase to the Depths.
 56923 | Vaults:1 | Entered Level 1 of the Vaults
 57860 | Vaults:1 | Identified the +5 scale mail of Evolution {Will+}
 59110 | Vaults:1 | Identified the +8 chain mail of the Tick {Rampage rF+}
 60992 | Vaults:2 | Reached skill level 10 in Armour
 61249 | Vaults:2 | Reached XP level 21. HP: 104/163 MP: 0/0
 61249 | Vaults:2 | Learned a level 7 spell: Storm Form
 61261 | Vaults:2 | Found a staircase to the Crypt.
 63149 | Vaults:3 | Found Deck's Armour Shop.
 63159 | Vaults:3 | Bought a +2 helmet for 297 gold pieces
 63378 | Vaults:3 | Noticed Saint Roka
 63394 | Vaults:3 | Killed Saint Roka
 65265 | Vaults:3 | Identified the +6 dagger "Murmur" {pain, Int+4 SInv}
 65421 | Vaults:3 | Reached XP level 22. HP: 161/172 MP: 0/0
 67686 | Vaults:5 | Entered Level 5 of the Vaults
 67955 | Vaults:5 | Noticed a dread lich
 67956 | Vaults:5 | Noticed a golden dragon
 68379 | Vaults:5 | Noticed an ancient lich
 68393 | Vaults:4 | Killed a dread lich
 68523 | Vaults:5 | Noticed an ancient lich
 68527 | Vaults:5 | Killed an ancient lich
 68536 | Vaults:4 | Killed a golden dragon
 68551 | Vaults:5 | Noticed Frederick
 68552 | Vaults:5 | Reached XP level 23. HP: 95/180 MP: 0/0
 68552 | Vaults:5 | Learned a level 7 spell: Orb of Destruction
 68553 | Vaults:5 | HP: 9/180 [constriction (6)]
 68557 | Vaults:5 | Killed from afar by a titan

Illustrated notes

Levels and vault maps discovered:
D:1:      mrwooster_arrival_arrow, layout_basic, hex_large, minmay_pentomino_o4
D:2:      layout_rooms, shapermc_ecumenical_altar_pompeii
D:3:      layout_basic, gammafunk_ghost_abyssal_escape, minmay_misc_feat_five,
          uniq_sigmund, uniq_grinder, uniq_natasha
D:4:      layout_cave_pods, trog_ov_bears_minmay, uniq_eustachio
D:5:      layout_loops_ring, nicolae_overflow_hidden_temple,
          amethyst_overflow_temple_binary, grunt_tough_drop
D:6:      layout_basic, minmay_temple_entry_tees
D:7:      layout_loops_ring, serial_shops, nicolae_diamond_shop,
          kb_lookout_dungeons_type
D:8:      layout_loops_ring, fedhas_ov_isle_minmay, lair_entry_dummy,
          nzn_random_ring, uniq_maurice, uniq_gastronok
D:9:      layout_cave_pools, grunt_gozag_breadcrumbs, enter_bailey_6
D:10:     layout_irregular_city, mainiacjoe_overflow_boulevard, led_sif_book,
          nicolae_shop_clearance, uniq_snorg, uniq_fannar, uniq_urug
D:11:     minmay_four_partial_circles, layout_loops_corners, orc_0_dummy
D:12:     layout_layer_cave
D:13:     gammafunk_cloud_chamber, layout_cave_pools
D:14:     minmay_the_grid_square_5x5_3x3 [minmay_the_grid_square_5x5_z,
          minmay_the_grid_square_5x5_spiral,
          minmay_the_grid_square_5x5_bracketed,
          minmay_the_grid_square_5x5_beaten_path,
          minmay_the_grid_square_5x5_megaprize_diamond,
          minmay_the_grid_square_5x5_one_wall, minmay_the_grid_square_5x5_slash,
          minmay_the_grid_square_5x5_three_walls,
          minmay_the_grid_square_5x5_bridge], layout_stronghold,
          skrybe_vaults_entry_preservation, serial_shops, shop,
          okawaru_gym_becter, serial_bayou_pond_d
D:15:     hangedman_depths_entry_civil_slaughter, layout_irregular_city,
          minmay_door_square
Temple:   hc_temple_tempest_star
Lair:1:   beast_lair_carwin_large_3, layout_cave_pods
Lair:2:   layout_chaotic_city, minmay_swamp_entry_worms, basic_altar,
          nicolae_quartered_pool_super, serial_bayou_shore_a, grunt_megastairs_3
Lair:3:   layout_loops_ring, grunt_forest_small_clearings, minivault_19,
          gammafunk_lair_bear_cave
Lair:4:   layout_long_grid, nicolae_spider_entry_orb_guardian,
          serial_bayou_pond_a, grunt_megastairs_2, infiniplex_staircase_pool
Lair:5:   layout_long_grid
Lair:6:   hellmonk_lair_end_abyssal_woods, layout_loops_ring,
          minmay_slime_entry_jelly_boxes, chequers_serial_rivers_small_a,
          uniq_nessos
Swamp:1:  layout_basic_swamp, hangedman_swamp_lotus, swamp_pool3, uniq_donald,
          uniq_louise
Swamp:2:  layout_basic_swamp, nicolae_swamp_triple_paths, swamp_pool5,
          st_swamp_ruins_4
Swamp:3:  layout_falls_marsh, serial_swamp_ruin, evilmike_swamp_ruin_house_1,
          evilmike_swamp_ruin_house_5, evilmike_swamp_ruin_house_2,
          hangedman_swamp_diagram, uniq_mara
Swamp:4:  swamp_vile, layout_basic_swamp, swamp_pool4, nicolae_swamp_treefoil,
          nzn_swamp_weyward_sisters
Spider:1: layout_spider_delve, nicolae_spider_twisty_arc_passages
Spider:2: layout_spider_delve, nicolae_spider_stair_cavern
Spider:3: layout_spider_delve, drop_trap, hive_lemuel
Spider:4: grunt_spider_rune_island, uniq_asterion
Orc:1:    layout_diamond_mine, basic_altar, minmay_orc_temple_c
Orc:2:    st_orc_pillars, layout_caves, basic_altar
Elf:1:    elf_arrival_002, layout_loops_cross, serial_shops,
          nicolae_square_shop, nicolae_diamond_shop, nicolae_shop_hallway_plus,
          minmay_elf_annihilation
Vaults:1: vaults_room_large_hall, v_misc_8, grunt_vaults_twisty,
          ontoclasm_vaults_gateway, ontoclasm_vaults_hangar, vaults_dpeg_cross,
          ontoclasm_vaults_fault, nicolae_vaults_diagonal_hallway_9,
          nicolae_vaults_angled_halls, ontoclasm_vaults_spin,
          vaults_room_grunt_arrival_ludios, v_rooms_6, layout_vaults_omnibox
Vaults:2: vaults_mumra_minichess_inversion, v_alt_pattern_6,
          minmay_crypt_entry_simple_plaza, hangedman_vaults_trim,
          v_alt_pattern_6, nicolae_vaults_alarming, nicolae_vaults_network_s,
          vaults_room_pools, st_smaller_cells, nicolae_vaults_little_squares_3,
          vaults_dpeg_hooks, grunt_vaults_diagonal, vaults_room_door_ring,
          layout_vaults_big_room
Vaults:3: hangedman_vaults_hat, grunt_vaults_hallway_long,
          nicolae_vaults_network_barrier, vaults_room_fancy_cross, v_misc_27,
          nicolae_vaults_three_branches, ontoclasm_vaults_ligature,
          nicolae_vaults_little_squares_5, v_misc_12, grunt_vaults_funnel,
          grunt_vaults_hallway_short, special_room_vaults [special_room_orc],
          layout_vaults_omnicross, serial_shops, shop, uniq_saint_roka
Vaults:4: hangedman_vaults_nails, grunt_vaults_trifunnel, special_room_vaults
          [special_room_orc], vaults_dpeg_diagonal, vaults_room_corners,
          v_misc_14, vaults_room_pools, vaults_room_octagon,
          vaults_mumra_hexcomb, nicolae_vaults_mini_display_case,
          layout_vaults_ring
Vaults:5: uniq_frederick

Skill      XL: |  1  2  3  4  5  6  7  8  9 10 11 12 13 14 15 16 17 18 19 20 21 22 |
---------------+-------------------------------------------------------------------+-----
Stealth        | 2 3 4 5 6 7 8 9 10 11 | 11.0
Dodging        | 3 4 5 6 7 8 11 15 18 19 20 | 20.0
Fighting       | 1 2 3 4 5 7 8 9 10 12 13 14 15 17 18 19 20 | 20.1
Spellcasting   | 3 4 5 6 8 9 10 11 13 14 15 16 17 18 19 | 19.0
Armour         | 1 2 3 4 8 10 | 10.0
Invocations    | 1 2 3 5 6 7 8 |  8.0
Shields        | 4 |  4.0
Short Blades   | 2 5 6 8 |  8.0
Evocations     | 2 |  2.0

Action                   |  1- 3 |  4- 6 |  7- 9 | 10-12 | 13-15 | 16-18 | 19-21 | 22-24 || total
-------------------------+-------+-------+-------+-------+-------+-------+-------+-------++-------
Melee: Short sword       |    19 |     1 |    13 |    10 |    35 |       |       |       ||    78
       Quick blade       |       |       |       |       |    10 |    61 |   124 |    29 ||   224
       Unarmed           |       |       |       |       |       |       |    52 |       ||    52
 Cast: Foxfire           |    57 |    21 |    77 |   166 |   449 |   302 |   103 |     6 ||  1181
       Scorch            |     6 |    20 |   120 |   317 |   586 |   519 |   441 |    27 ||  2036
       Conjure Flame     |       |     1 |    11 |    17 |    16 |     3 |    16 |     3 ||    67
       Flame Wave        |       |       |     3 |     8 |    13 |     4 |       |       ||    28
       Tukima's Dance    |       |       |       |     5 |     1 |       |     2 |       ||     8
       Agony             |       |       |       |     1 |    10 |       |     3 |     4 ||    18
       Alistair's Intoxi |       |       |       |       |    14 |     6 |    33 |     5 ||    58
       Starburst         |       |       |       |       |    83 |   254 |   360 |    95 ||   792
       Eringya's Noxious |       |       |       |       |       |     8 |    16 |     6 ||    30
       Call Imp          |       |       |       |       |       |     1 |     3 |     2 ||     6
       Simulacrum        |       |       |       |       |       |       |     9 |     1 ||    10
       Storm Form        |       |       |       |       |       |       |     2 |       ||     2
Evoke: Wand              |       |       |       |       |       |     1 |       |       ||     1
  Use: Scroll            |       |       |    13 |    10 |     6 |     2 |     3 |     2 ||    36
       Potion            |       |       |       |       |       |       |     1 |     1 ||     2
 Stab: Sleeping          |     4 |     1 |     2 |       |     1 |    10 |    18 |    10 ||    46
       Confused          |       |       |       |       |     4 |     3 |    20 |     1 ||    28
       Distracted        |       |       |       |       |     1 |     2 |     2 |     4 ||     9
       Petrified         |       |       |       |       |       |       |     2 |       ||     2
Armor: Robe              |     4 |     1 |     3 |    15 |    29 |    56 |    51 |    21 ||   180
       Skin              |       |       |       |       |       |       |     3 |       ||     3
Dodge: Dodged            |    15 |     6 |    46 |   190 |   400 |   588 |   586 |   184 ||  2015
Block: Other             |       |       |       |    18 |    10 |       |     8 |       ||    36
       Buckler           |       |       |       |       |   231 |   300 |   293 |    74 ||   898
       Reflection        |       |       |       |       |     9 |     5 |    20 |    18 ||    52

Table legend: (Time is in decaauts)
 A = Elapsed time spent in this place.
 B = Non-inter-level travel time spent in this place.
 C = Inter-level travel time spent in this place.
 D = Time resting spent in this place.
 E = Time spent auto-exploring this place.
 F = Levels seen in this place.
 G = Mean time per level.
                   A        B        C        D        E       F      G
               +--------+--------+--------+--------+--------+-----+--------+
         Total |  68596 |  64232 |   4364 |  20519 |  26045 |  39 | 1758.9 |
       Dungeon |  21815 |  20296 |   1519 |   4373 |  11345 |  15 | 1454.3 |
        Temple |    146 |     95 |     51 |      0 |     82 |   1 |  146.0 |
          Lair |  13545 |  12447 |   1098 |   4349 |   4045 |   6 | 2257.5 |
         Swamp |   7945 |   7565 |    380 |   2954 |   2476 |   4 | 1986.2 |
   Spider Nest |   9602 |   8933 |    669 |   4398 |   2515 |   4 | 2400.5 |
  Orcish Mines |   3492 |   3398 |     94 |    791 |   1495 |   2 | 1746.0 |
   Elven Halls |    361 |    343 |     18 |      0 |    257 |   1 |  361.0 |
        Vaults |  10809 |  10276 |    533 |   3517 |   3521 |   5 | 2161.8 |
        Bailey |    877 |    877 |      0 |    137 |    309 |   1 |  877.0 |
               +--------+--------+--------+--------+--------+-----+--------+

Top non-repeatable levels by time:
  Lair:4: 3616 daAuts
Spider:3: 3382 daAuts
Vaults:2: 3169 daAuts
Vaults:3: 2976 daAuts
     D:8: 2949 daAuts
 Swamp:1: 2604 daAuts
Vaults:4: 2519 daAuts
 Swamp:4: 2518 daAuts
  Lair:6: 2503 daAuts
  Lair:5: 2432 daAuts
Spider:2: 2410 daAuts
    D:14: 2345 daAuts
Vaults:1: 2103 daAuts
Spider:1: 2059 daAuts
   Orc:2: 2034 daAuts
